 Dungeon Sprint DCSS version 0.30-a0-1112-gfb780f5df6 (webtiles) character file.

Game seed: 2661916534026772716

853 sircluck the Cleaver (level 8, -15/126 HPs)
             Began as a Hill Orc Berserker on Apr 19, 2023.
             Was an Elder of Trog.
             Demolished by Snorg (27 damage)
             ... in the Dungeon (Sprint III: "The Ten Rune Challenge").
             The game lasted 00:03:06 (1052 turns).

sircluck the Cleaver (Hill Orc Berserker)           Turns: 1052, Time: 00:03:06

Health: -15/126    AC:  3    Str: 22    XL:     8   Next: 1%
Magic:  8/8        EV: 13    Int:  7    God:    Trog [****..]
Gold:   18         SH:  0    Dex: 10    Spells: 7/7 levels left

rFire   . . .      SeeInvis .    a - +0 hand axe
rCold   . . .      Faith    .    (no shield)
rNeg    . . .      Spirit   .    p - +0 leather armour
rPois   .          Reflect  .    (no helmet)
rElec   .          Rampage  .    (no cloak)
rCorr   .          NoTele   +    (no gloves)
Will    .....                    (no boots) Stlth
                                 (no amulet)
HPRegen 0.41/turn                (no ring)
MPRegen 0.11/turn                (no ring)

@: berserking, very quick
A: no striking features
a: Renounce Religion, Berserk, Trog's Hand, Brothers in Arms


You were in the Dungeon.
You worshipped Trog.
Trog was greatly pleased with you.
You visited 1 branch You collected 18 gold pieces.

Inventory:

Hand Weapons
 a - a +0 hand axe (weapon)
Armour
 b - a +0 animal skin
 p - a +0 leather armour (worn)
Wands
 q - a wand of paralysis (8)
Scrolls
 h - a scroll of blinking
 i - a scroll of fear {unknown}
 j - 2 scrolls of torment {unknown}
 k - a scroll of enchant weapon {unknown}
 n - 2 scrolls of identify
Potions
 c - 3 potions of mutation {unknown}
 d - a potion of heal wounds
 e - a potion of haste
 f - 2 potions of magic
 g - a potion of berserk rage
 l - a potion of curing
 m - 2 potions of flight
 o - a potion of cancellation {unknown}
Miscellaneous
 r - a lightning rod (4/4)


   Skills:
 + Level 12.3 Fighting
 + Level 14.7 Axes
 + Level 5.9 Armour
 + Level 5.6 Dodging


You had 7 spell levels left.
You didn't know any spells.
Your spell library was empty.

Dungeon Overview and Level Annotations

Branches:
Dungeon (1/1)

Altars:
Cheibriados
Dithmenos
Fedhas
Gozag
Hepliaklqana
Kikubaaqudgha
Makhleb
Nemelex Xobeh
Okawaru
Qazlal
Ru
Sif Muna
Trog
Uskayaw
Vehumet
Wu Jian
Xom
Yredelemnul
Beogh
Jiyva
Lugonu

Annotations:
D Snorg


Message History

As you close the door, it creaks loudly!
Snorg breaks down the door.
Your ogre goes berserk!
Trog will no longer gift you weapons.
Your ogre hits Snorg with a +0 giant club!
Snorg attacks as you move away! Snorg barely misses you.
Snorg claws you but does no damage. Snorg closely misses you.
Snorg goes berserk!
Your ogre closely misses Snorg.
You slash Snorg!
Snorg is lightly wounded.
Snorg closely misses you. Snorg claws you! x2
Your ogre hits Snorg with a +0 giant club!!
You slash Snorg!
Snorg is moderately wounded.
Snorg bites you!! Snorg misses you. Snorg completely misses you.
A red film seems to cover your vision as you go berserk!
You feel yourself moving faster!
You feel mighty!
Your ogre hits Snorg with a +0 giant club!!
Snorg bites your ogre!! Snorg claws your ogre. Snorg claws your ogre!!
Your ogre dies!
Your ogre's corpse disappears in a puff of smoke!
Snorg shouts!
You slice Snorg!! You punch Snorg!
Snorg is severely wounded.
Snorg bites you!! Snorg claws you but does no damage. Snorg misses you.
You closely miss Snorg.
Snorg is severely wounded.
Snorg bites you!!
* * * LOW HITPOINT WARNING * * *
Snorg claws you.
* * * LOW HITPOINT WARNING * * *
Snorg misses you.
You closely miss Snorg.
Snorg is severely wounded.
Unknown command.
You hit Snorg.
Snorg is severely wounded.
Snorg bites you!!
You die...

.#####..# #___#__#
..#..#..# #__.#)_#
..#..#..###+#)###'##
..##'#..#..........#
..###...'.⌠........#
.####...#...######'#
†###....#.⌠.#__#...#+#####
.##.....#...#__#...#..~~~+
.#......#)###__#@.§#.#§§§#
#.#.....#.).#__#.T.'.#T..#
####....#___#__'.§§#.#§§§#
▓▓▓▓▓▓▓▓▓▓▓▓▓▓▓▓▓▓▓ ▓▓


You could see Snorg (berserk).

Vanquished Creatures
  A shadow (D)
  A spatial vortex (D)
  A necrophage (D)
  A scorpion (D)
  A water elemental (D)
  A jelly (D)
  A wizard (D)
  A necromancer (D)
  A kobold demonologist (D)
  3 humans (D)
  An endoplasm (D)
  3 rats (D)
16 creatures vanquished.

Notes
Turn   | Place    | Note
-------+----------+-------------------------------------------
     0 | D        | sircluck the Hill Orc Berserker began the quest for the
                  | Orb.
     0 | D        | Reached XP level 1. HP: 19/19 MP: 1/1
    39 | D        | Reached ** piety under Trog
    91 | D        | Reached skill level 5 in Fighting
    91 | D        | Reached skill level 6 in Axes
    91 | D        | Reached XP level 2. HP: 9/29 MP: 2/2
   177 | D        | Noticed a scorpion
   184 | D        | Killed a scorpion
   185 | D        | Reached skill level 8 in Axes
   185 | D        | Reached XP level 3. HP: 23/38 MP: 3/3
   185 | D        | Reached XP level 4. HP: 27/45 MP: 4/4
   305 | D        | Noticed a water elemental
   309 | D        | Killed a water elemental
   309 | D        | Reached *** piety under Trog
   310 | D        | Reached skill level 9 in Axes
   310 | D        | Reached XP level 5. HP: 53/53 MP: 5/5
   440 | D        | Found a basalt altar of Yredelemnul.
   440 | D        | Found a shadowy altar of Dithmenos.
   440 | D        | Found a sacrificial altar of Ru.
   452 | D        | Reached skill level 10 in Axes
   456 | D        | Reached XP level 6. HP: 6/63 MP: 6/6
   647 | D        | Found a hide-covered altar of Uskayaw.
   647 | D        | Found a roughly hewn altar of Beogh.
   647 | D        | Found an iron altar of Okawaru.
   647 | D        | Found a bloodstained altar of Trog.
   647 | D        | Found an ornate altar of the Wu Jian Council.
   647 | D        | Noticed a human
   648 | D        | Noticed a human
   656 | D        | Killed a human
   657 | D        | Reached skill level 10 in Fighting
   657 | D        | Reached skill level 12 in Axes
   657 | D        | Reached skill level 5 in Armour
   672 | D        | Killed a human
   672 | D        | Reached **** piety under Trog
   673 | D        | Reached skill level 13 in Axes
   673 | D        | Reached XP level 7. HP: 61/74 MP: 7/7
   804 | D        | Found a radiant altar of Vehumet.
   804 | D        | Found a shimmering blue altar of Sif Muna.
   804 | D        | Found an ancient bone altar of Kikubaaqudgha.
   812 | D        | Noticed a neqoxec
   815 | D        | Noticed a soul eater
   816 | D        | Reached skill level 5 in Dodging
   836 | D        | Noticed a shadow
   851 | D        | Killed a shadow
   851 | D        | Reached ***** piety under Trog
   852 | D        | Reached skill level 14 in Axes
   992 | D        | Found a blossoming altar of Fedhas.
   992 | D        | Found a stormy altar of Qazlal.
   992 | D        | Found a snail-covered altar of Cheibriados.
   992 | D        | Found a burning altar of Makhleb.
   992 | D        | Found a shimmering altar of Xom.
   993 | D        | Found a hazy altar of Hepliaklqana.
   993 | D        | Found an opulent altar of Gozag.
   993 | D        | Found a sparkling altar of Nemelex Xobeh.
   993 | D        | Found a corrupted altar of Lugonu.
   993 | D        | Found a viscous altar of Jiyva.
   993 | D        | Noticed a spatial vortex
  1010 | D        | Killed a spatial vortex
  1011 | D        | Reached XP level 8. HP: 76/84 MP: 8/8
  1037 | D        | Noticed Snorg
  1052 | D        | Demolished by Snorg

Illustrated notes

Levels and vault maps discovered:
D:        dungeon_sprint_mu [sprint_mu_entry_cave, sprint_mu_temple_rooms,
          sprint_mu_d1_horrors, sprint_mu_d2_genie, sprint_mu_d3_branching,
          sprint_mu_orc_legion, sprint_mu_elf_gauntlet, sprint_mu_hive_nellie,
          sprint_mu_lair_fedhas, sprint_mu_vaults_butterflies,
          sprint_mu_slime_circle, sprint_mu_shoals_kraken,
          sprint_mu_snake_twists, sprint_mu_blade_basic,
          sprint_mu_crypt_fortress, sprint_mu_tomb_spiral,
          sprint_mu_vestibule_basic, sprint_mu_gehenna_hellfire,
          sprint_mu_dis_giant, sprint_mu_tartarus_statrot,
          sprint_mu_cocytus_islands, sprint_mu_zot1]

Skill      XL: |  1  2  3  4  5  6  7 |
---------------+----------------------+-----
Fighting       | 5 6 7 9 11 12 | 12.3
Axes           | 6 8 9 10 13 14 | 14.7
Dodging        | 2 3 4 5 |  5.6
Armour         | 3 4 5 |  5.9

Action                     |  1- 3 |  4- 6 |  7- 9 || total
---------------------------+-------+-------+-------++-------
  Melee: Hand axe          |    28 |    41 |    39 ||   108
         Punch             |       |       |     1 ||     1
 Invoke: Berserk           |     2 |     2 |     3 ||     7
         Brothers in Arms  |       |       |     1 ||     1
    Use: Potion            |       |     1 |       ||     1
 Armour: Animal skin       |     4 |     3 |       ||     7
         Leather armour    |       |       |     2 ||     2
  Dodge: Dodged            |     9 |     8 |    17 ||    34

Table legend: (Time is in decaauts)
 A = Elapsed time spent in this place.
 B = Non-inter-level travel time spent in this place.
 C = Inter-level travel time spent in this place.
 D = Time resting spent in this place.
 E = Time spent auto-exploring this place.
 F = Levels seen in this place.
 G = Mean time per level.
                   A        B        C        D        E       F      G
               +--------+--------+--------+--------+--------+-----+--------+
         Total |   1076 |   1064 |     12 |    782 |     31 |   1 | 1076.0 |
       Dungeon |   1076 |   1064 |     12 |    782 |     31 |   1 | 1076.0 |
               +--------+--------+--------+--------+--------+-----+--------+

Top non-repeatable levels by time:
       D: 1076 daAuts
